 Dungeon Crawl Stone Soup version 0.17.0-28-g6e173f8 (webtiles) character file.

698 Rex the Covered (level 7, -3/61 HPs)
             Began as a Minotaur Fighter on Dec 2, 2015.
             Was a Follower of Okawaru.
             Killed from afar by Dowan (5 damage)
             ... with a puff of frost
             ... on level 5 of the Dungeon.
             The game lasted 00:12:49 (4178 turns).

Rex the Covered (Minotaur Fighter)                  Turns: 4178, Time: 00:12:50

Health: -3/61      AC:  7    Str: 22    XL:     7   Next: 38%
Magic:  7/7        EV:  9    Int:  5    God:    Okawaru [*.....]
Gold:   191        SH: 10    Dex: 10    Spells: 0 memorised, 6 levels left

rFire  . . .     SeeInvis .     a - +1 war axe
rCold  . . .     Clarity  .     b - +0 scale mail
rNeg   . . .     SustAt   .     c - +0 shield
rPois  .         Gourm    .     (helmet restricted)
rElec  .         Spirit   .     (no cloak)
rCorr  .         Warding  .     (no gloves)
rMut   .         Stasis   .     (no boots)
MR     .....                    (no amulet)
Stlth  ..........               (no ring)
                                h - ring of wizardry

@: lethally poisoned (-3 -> -4), not resistant to hostile enchantments,
extremely unstealthy
A: retaliatory headbutt, horns 2
a: Heroism, Renounce Religion


You were on level 5 of the Dungeon.
You worshipped Okawaru.
Okawaru was aware of your devotion.
You were not hungry.

You visited 1 branch of the dungeon, and saw 5 of its levels.

You collected 191 gold pieces.

Inventory:

Hand Weapons
 a - a +1 war axe (weapon)
Armour
 b - a +0 scale mail (worn)
 c - a +0 shield (worn)
Jewellery
 h - a ring of wizardry (left hand)
Wands
 j - a wand of confusion (22)
 n - a wand of paralysis (0)
Scrolls
 d - a scroll of remove curse
 i - 3 scrolls of identify
Potions
 k - 2 potions of curing
Comestibles
 e - 6 bread rations
 f - 2 slices of pizza
 g - 3 meat rations
 l - 5 chunks of flesh


   Skills:
 + Level 5.5 Fighting
 + Level 4.5 Axes
 + Level 5.6 Armour
 + Level 3.1 Dodging
 + Level 0.1 Stealth
 + Level 5.5 Shields
 * Level 2.2 Evocations


You had 6 spell levels left.
You didn't know any spells.

Dungeon Overview and Level Annotations

Branches:
Dungeon (5/15)
 Temple: D:4-7

Altars:
Gozag
Okawaru
Ru
Sif Muna
Xom

Annotations:
D:5 Dowan, Duvessa


Innate Abilities, Weirdness & Mutations

You reflexively headbutt those who attack you in melee.
You have a pair of horns on your head.


Message History

Dowan says, "Magic and the sword, together, will defeat you."
You block Duvessa's attack.
You slash Duvessa!
Duvessa is heavily wounded.
You barely miss Dowan. You block Duvessa's attack.
Dowan hits you but does no damage. Duvessa hits you but does no damage.
Evoke which item? (* to show all) (? for menu, Esc to quit)
Zapping:
n - a wand of paralysis {zapped: 11} (will waste charges)
Press: ? - help, Shift-Dir - straight line, f/p - Duvessa
Aim: Duvessa, wielding a short sword and wearing a leather armour (heavily wounded, fast, chance to defeat MR: 32%) Duvessa easily resists.
Evoking this partially-identified wand wasted a few charges.
You block Dowan's attack. Duvessa hits you with a short sword.
* * * LOW HITPOINT WARNING * * *
* * * LOW HITPOINT WARNING * * *
You feel sick.
Dowan smirks and points a slender finger.
Dowan points at you and mumbles some strange words.
The puff of frost hits you!
You die...

.......รท.#.##
####.$...
.......#.).##
.#........
#.....###...#
..........
#########.#.#
.........# #....#..
.........# ##.#####.
..)......# #>.# #.
.........### ##.##
#. ........@..##
##..# ###.
....?.ee##..# #..##
##...
.#.....####.###.##
##..## ####.#
###.#...####..## ...
#.....###....####
..#
#..##......#####..
....
............#####..#
###
###...#####.......#
#.#. #......##


You could see Duvessa and Dowan.

Vanquished Creatures
  Grinder (D:5)
  A water moccasin (D:5)
  A phantom (D:4)
  2 crimson imps (D:5)
  An orc wizard (D:4)
  Terence (D:2)
  2 worker ants (D:4)
  5 adders
  An ooze (D:1)
  A worm (D:3)
  4 giant geckos
  7 orcs
  2 ball pythons
  2 giant cockroaches
  7 goblins
  9 hobgoblins
  7 bats
  2 giant newts
  13 kobolds
  A quokka skeleton (D:5)
  12 rats
82 creatures vanquished.

Notes
Turn   | Place    | Note
--------------------------------------------------------------
     0 | D:1      | Rex the Minotaur Fighter began the quest for the Orb.
     0 | D:1      | Reached XP level 1. HP: 19/19 MP: 0/0
   272 | D:1      | Reached XP level 2. HP: 27/27 MP: 1/1
   406 | D:1      | Reached skill level 4 in Shields
  1200 | D:2      | Reached XP level 3. HP: 33/33 MP: 2/2
  1806 | D:2      | Noticed Terence
  1820 | D:2      | Killed Terence
  1820 | D:2      | Reached XP level 4. HP: 38/40 MP: 3/3
  1851 | D:2      | Found an opulent altar of Gozag.
  1855 | D:2      | Found a shimmering altar of Xom.
  1875 | D:2      | Found a sacrificial altar of Ru.
  2101 | D:2      | Reached skill level 1 in Dodging
  2510 | D:3      | Found an iron altar of Okawaru.
  2522 | D:3      | Became a worshipper of Warmaster Okawaru
  2766 | D:3      | Reached XP level 5. HP: 44/47 MP: 4/4
  3470 | D:4      | Reached skill level 1 in Evocations
  3491 | D:4      | Reached skill level 5 in Armour
  3602 | D:4      | Noticed a phantom
  3617 | D:4      | Killed a phantom
  3617 | D:4      | Reached * piety under Okawaru
  3617 | D:4      | Reached skill level 5 in Shields
  3617 | D:4      | Reached XP level 6. HP: 43/55 MP: 5/5
  3755 | D:5      | Entered Level 5 of the Dungeon
  3767 | D:5      | Noticed Grinder
  3771 | D:5      | Paralysed by Grinder for 3 turns
  3782 | D:5      | Paralysed by Grinder for 5 turns
  3791 | D:5      | Killed Grinder
  3791 | D:5      | Reached skill level 5 in Fighting
  3791 | D:5      | Reached XP level 7. HP: 6/61 MP: 5/7
  4097 | D:5      | Found a shimmering altar of Xom.
  4098 | D:5      | Found a deep blue altar of Sif Muna.
  4160 | D:5      | Noticed Duvessa
  4160 | D:5      | Noticed a water moccasin
  4161 | D:5      | Noticed Dowan
  4173 | D:5      | Killed a water moccasin
  4177 | D:5      | HP: 3/61 [Duvessa/short sword (4)]
  4178 | D:5      | Killed from afar by Dowan

Action                   |  1- 3 |  4- 6 |  7- 9 || total
-------------------------+-------+-------+-------++-------
Melee: War axe           |    69 |   111 |    27 ||   207
Evoke: Wand              |       |     2 |     4 ||     6
  Use: Potion            |     4 |     5 |       ||     9
       Scroll            |       |     6 |       ||     6
  Eat: Chunk             |     3 |     4 |       ||     7
       Fruit             |       |     7 |       ||     7
